 Dungeon Crawl Stone Soup version 0.30-a0-1114-gd936c97349 (webtiles) character file.

Game seed: 13412010369356871949

2109 Sobieck the Zephyrmancer (level 9, -10/57 HPs)
             Began as a Human Air Elementalist on Apr 20, 2023.
             Mangled by Maggie
             ... wielding a +0 glaive of pain
              (16 damage)
             ... on level 6 of the Dungeon.
             The game lasted 00:17:15 (6899 turns).

Sobieck the Zephyrmancer (Human Air Elementalist)   Turns: 6899, Time: 00:17:16

Health: -10/57     AC:  5    Str: 10    XL:     9   Next: 53%
Magic:  16/20      EV: 12    Int: 25    God:
Gold:   39         SH:  0    Dex: 13    Spells: 13/23 levels left

rFire   . . .      SeeInvis .    a - +3 dagger (drain) {short}
rCold   + . .      Faith    .    (no shield)
rNeg    + . .      Spirit   .    C - +1 robe of the Hurricane {rElec rPois rN+}
rPois   +          Reflect  .    (no helmet)
rElec   +          Rampage  .    (no cloak)
rCorr   .                        n - +1 pair of gloves
Will    .....                    (no boots)
Stlth   ++                       (no amulet)
HPRegen 0.29/turn                p - ring of protection from cold
MPRegen 0.17/turn                R - +6 ring of intelligence

@: mesmerised, studying Short Blades
A: no striking features
a: no special abilities


You were on level 6 of the Dungeon.
You visited 1 branch of the dungeon, and saw 6 of its levels.

You collected 229 gold pieces.
You spent 190 gold pieces at shops.


   Skills:
 - Level 2.0 Dodging
 - Level 2.0 Stealth
 + Level 7.8 Spellcasting
 - Level 3.0 Conjurations
 + Level 8.8 Air Magic


You had 13 spell levels left.
You knew the following spells:

 Your Spells              Type           Power      Damage    Failure   Level
a - Shock                 Conj/Air       100%       1d9       1%          1
b - Static Discharge      Conj/Air       78%        2-6/arc   1%          2
c - Swiftness             Air            52%        N/A       1%          3
d - Airstrike             Air            26%        2d(4-20)  1%          4

Your spell library contained the following spells:

 Spells                   Type           Power      Damage    Failure   Level
 Momentum Strike          Conj/Tloc      34%        3d8       4%          2
 Freeze                   Ice            36%        1d5       6%          1
 Blink                    Tloc           18%        N/A       10%         2
 Lesser Beckoning         Tloc           18%        N/A       10%         2
 Sublimation of Blood     Necr           9%         N/A       10%         2
 Hailstorm                Conj/Ice       17%        3d6       10%         3
 Call Canine Familiar     Summ           9%         N/A       19%         3
 Frozen Ramparts          Ice            18%        1d3       19%         3
 Portal Projectile        Hex/Tloc       18%        N/A       19%         3
 Leda's Liquefaction      Hex/Erth       4%         N/A       52%         4
 Petrify                  Tmut/Erth      9%         N/A       52%         4
 Irradiate                Conj/Tmut      8%         3d14      67%         5

Inventory:

Hand Weapons
 a - a +3 dagger of draining (weapon) {short}
   (You took it off a goblin on level 2 of the Dungeon)
 e - a +0 dagger {short}
   (You took it off a kobold on level 1 of the Dungeon)
Missiles
 f - 31 stones {throwing}
 k - 3 curare-tipped darts {=fthrowing}
 s - 5 poisoned darts {throwing}
 u - 2 boomerangs {throwing}
Armour
 j - a +0 robe
   (You took it off an orc wizard on level 5 of the Dungeon)
 l - a +0 leather armour of poison resistance
   (You found it on level 4 of the Dungeon)
 m - a +0 robe
   (You found it on level 5 of the Dungeon)
 n - a +1 pair of gloves (worn)
   (You found it on level 2 of the Dungeon)
 r - a +0 robe
 w - a +0 robe
   (You took it off Jessica on level 2 of the Dungeon)
 y - a +0 ring mail
   (You found it on level 2 of the Dungeon)
 z - a +0 scale mail
   (You found it on level 2 of the Dungeon)
 B - a +0 robe
   (You found it on level 3 of the Dungeon)
 C - the +1 robe of the Hurricane (worn) {rElec rPois rN+}
   (You found it on level 3 of the Dungeon)

   rElec:     It insulates you from electricity.
   rPois:     It protects you from poison.
   rN:        It protects you from negative energy.
 G - a +0 leather armour
   (You took it off an orc on level 5 of the Dungeon)
 H - a +0 plate armour
   (You took it off an orc warrior on level 5 of the Dungeon)
 I - a +0 leather armour
   (You took it off an orc on level 5 of the Dungeon)
 J - a +0 robe
   (You took it off Blork the orc on level 5 of the Dungeon)
 K - a +0 robe
   (You took it off an orc wizard on level 5 of the Dungeon)
 L - a +0 leather armour
   (You took it off an orc on level 5 of the Dungeon)
 M - a +0 scale mail
   (You took it off an orc on level 5 of the Dungeon)
 O - a +0 robe
   (You took it off a gnoll bouda on level 5 of the Dungeon)
Magical Staves
 N - a staff of fire {!astaff}
   (You found it on level 5 of the Dungeon)
Jewellery
 p - a ring of protection from cold (left hand)
   (You found it on level 4 of the Dungeon)
 R - a +6 ring of intelligence (right hand)
   (You found it on level 6 of the Dungeon)
Wands
 t - a wand of flame (16)
   (You found it on level 5 of the Dungeon)
 D - a wand of mindburst (14)
   (You took it off a hobgoblin on level 3 of the Dungeon)
 F - a wand of light (9)
   (You found it on level 5 of the Dungeon)
Scrolls
 c - a scroll of vulnerability {!r!r}
 h - a scroll of enchant weapon
 i - 4 scrolls of magic mapping {!r}
 o - a scroll of enchant armour
 q - 2 scrolls of poison
 T - a scroll of blinking {!r}
Potions
 d - 5 potions of curing {@q1}
 g - 3 potions of haste {@q3}
 v - 2 potions of flight
 x - a potion of degeneration {!q@e2}
 A - a potion of cancellation
 E - a potion of brilliance
 Q - 2 potions of mutation {unknown}
 S - a potion of might {unknown}

Dungeon Overview and Level Annotations

Branches:
Dungeon (6/15) Zot: 26584
 Temple: D:4-7

Altars:
Makhleb
Okawaru
Uskayaw

Shops:
D:6 ?

Annotations:
D:6 Maggie

##.# #.# ###.# ##.# #.# #...#
##.######.### #.#†##
..l.@§......##### #.#...
##.##....)......# #.####
##.##.#≈≈.#.###.## #.# #
...##.#≈∩≈#.###..###########.#
#
#####.#≈≈≈....@÷#............#
# #.#########.@#####......## #
#.# #..# #...##.# # #.#
######..# ##...#.# # #..
........# #.....# # .##
#######.# ###....##### #.#
#.##....##.. ..# #..##...##.#
########...##..##.#
...c........##.##.#


You could see Maggie (mesmerising).


Message History

Aiming: Shock (safe; 1% risk of failure)
Press: ? - help, Shift-Dir - straight line The zap misses Maggie.
The zap hits Maggie.
Maggie hits you from afar with a +0 glaive of pain!
* * * LOW HITPOINT WARNING * * *
Unknown command.
You cannot move away from Maggie!
Unknown command.
Casting: Shock (safe; 1% risk of failure)
Confirm with . or Enter, or press ? or * to list all spells.
Okay, then.
Unknown command.
You feel strangely stable.
Your magical effects are unravelling.
You feel magically purged.
You feel sluggish.
You break out of your daze.
Maggie barely misses you.
Unknown command.
Maggie says, "Leave now, and tell all of Margery's mercy!"
An iguana comes into view.
Maggie mumbles some strange words.
Maggie attempts to bespell you!
You are mesmerised by Maggie!
You hear an angry hiss.
You break out of your daze!
Maggie hits you from afar with a +0 glaive of pain!
* * * LOW HITPOINT WARNING * * *
You writhe in agony.
* * * LOW HITPOINT WARNING * * *
Unknown command.
Really read
T - 2 scrolls of blinking {!r}?
Blink to where?
Press: ? - help, Dir - move target, f - you
Okay, then.
Maggie casts a spell.
Maggie attempts to bespell you! You resist with almost no effort.
Unknown command.
Really read
T - 2 scrolls of blinking {!r}? [Y]es or [N]o only, please.
Really read
T - 2 scrolls of blinking {!r}?
Blink to where?
Press: ? - help, Dir - move target
As you read the scroll of blinking {!r}, it crumbles to dust.
Okay, then.
You start to feel a little faster.
Maggie mumbles some strange words.
Maggie attempts to bespell you!
You are mesmerised by Maggie!
Danger!
You cannot move away from Maggie!
You cannot move away from Maggie!
You cannot move away from Maggie!
You cannot move away from Maggie!
You cannot move away from Maggie!
Casting: Shock (safe; 1% risk of failure)
Confirm with . or Enter, or press ? or * to list all spells.
Aiming: Airstrike (dangerous; 1% risk of failure)
Press: ? - help, Dir - move target, f - Maggie
Aim: Maggie, wielding a +0 glaive of pain, wearing +0 steam dragon scales and carrying a wand of iceblast (13) (lightly wounded, mesmerising, empty space bonus: 4/8)
The air twists around and strikes Maggie!
Maggie mumbles some strange words.
Maggie draws you further into her thrall.
Casting: Airstrike (dangerous; 1% risk of failure)
Confirm with . or Enter, or press ? or * to list all spells.
You don't know that spell.
Unknown command.
Casting: Airstrike (dangerous; 1% risk of failure)
Confirm with . or Enter, or press ? or * to list all spells.
Aiming: Airstrike (dangerous; 1% risk of failure)
Press: ? - help, Dir - move target, f/p - Maggie
Aim: Maggie, wielding a +0 glaive of pain, wearing +0 steam dragon scales and carrying a wand of iceblast (13) (moderately wounded, mesmerising, empty space bonus: 4/8)
The air twists around and strikes Maggie.
Maggie practices a pose.
Casting: Airstrike (dangerous; 1% risk of failure)
Confirm with . or Enter, or press ? or * to list all spells.
Aiming: Airstrike (dangerous; 1% risk of failure)
Press: ? - help, Dir - move target, f/p - Maggie
Aim: Maggie, wielding a +0 glaive of pain, wearing +0 steam dragon scales and carrying a wand of iceblast (13) (moderately wounded, mesmerising, empty space bonus: 3/8)
The air twists around and strikes Maggie!
Casting: Airstrike (dangerous; 1% risk of failure)
Confirm with . or Enter, or press ? or * to list all spells.
Aiming: Airstrike (dangerous; 1% risk of failure)
Press: ? - help, Dir - move target, f/p - Maggie
Aim: Maggie, wielding a +0 glaive of pain, wearing +0 steam dragon scales and carrying a wand of iceblast (13) (heavily wounded, mesmerising, empty space bonus: 2/8)
The air twists around and strikes Maggie!
Maggie zaps a wand.
The mass of ice explodes!
The iceblast engulfs you! You partially resist.
* * * LOW HITPOINT WARNING * * *
You hear an angry hiss.
Magic courses through your body.
You no longer feel sluggish.
Casting: Airstrike (dangerous; 1% risk of failure)
Confirm with . or Enter, or press ? or * to list all spells.
Aiming: Airstrike (dangerous; 1% risk of failure)
Press: ? - help, Dir - move target, f/p - Maggie
Aim: Maggie, wielding a +0 glaive of pain, wearing +0 steam dragon scales and carrying a wand of iceblast (12) (severely wounded, mesmerising, empty space bonus: 4/8)
The air twists around and strikes Maggie.
Maggie hits you from afar with a +0 glaive of pain!
You die...

Skill      XL: |  1  2  3  4  5  6  7  8  9 |
---------------+----------------------------+-----
Conjurations   | 2 3 |  3.0
Spellcasting   | 3 4 5 6 7 |  7.8
Air Magic      | 4 5 6 7 8 |  8.8
Dodging        | |  2.0
Stealth        | |  2.0

Action                     |  1- 3 |  4- 6 |  7- 9 || total
---------------------------+-------+-------+-------++-------
  Melee: Dagger            |    37 |    30 |    13 ||    80
         Punch             |       |       |     1 ||     1
   Cast: Shock             |    59 |   108 |    81 ||   248
         Static Discharge  |     3 |    14 |    23 ||    40
         Airstrike         |       |       |    21 ||    21
         Swiftness         |       |       |     1 ||     1
    Use: Scroll            |       |    16 |     5 ||    21
         Potion            |       |     1 |     2 ||     3
 Armour: Robe              |    13 |    13 |     8 ||    34
         Skin              |       |     7 |     6 ||    13
  Dodge: Dodged            |    79 |    44 |    33 ||   156

Levels and vault maps discovered:
D:1:      nagdon_arrival_double_spiral, layout_rooms,
          shapermc_ecumenical_altar_notcrosses, minivault_11,
          serial_bayou_pond_e
D:2:      layout_basic, minmay_quadrilaterals, uniq_jessica
D:3:      layout_rooms, mainiacjoe_overflow_concentric_impassable,
          okawaru_ov_weapons_minmay
D:4:      layout_cave_pods
D:5:      layout_loops_ring, kennysheep_mini, uniq_blork_the_orc,
          uniq_prince_ribbit1, uniq_menkaure
D:6:      nicolae_whirlpool, layout_loops_ring, lemuel_round_altar,
          serial_shops, nicolae_shop_tiny_waterfront, nrook_mini_backslash,
          uniq_maggie, uniq_pikel

Notes
Turn   | Place    | Note
-------+----------+-------------------------------------------
     0 | D:1      | Sobieck the Human Air Elementalist began the quest for the
                  | Orb.
     0 | D:1      | Reached XP level 1. HP: 13/13 MP: 3/3
   261 | D:1      | Reached XP level 2. HP: 19/19 MP: 3/5
   331 | D:1      | Learned a level 2 spell: Static Discharge
   538 | D:1      | Reached XP level 3. HP: 24/24 MP: 2/6
   741 | D:1      | You pick up a book of Spatial Translocations and begin
                  | reading...
   741 | D:1      | You add the spells Blink, Momentum Strike and Lesser
                  | Beckoning to your library.
  1105 | D:1      | Found a faded altar of an unknown god.
  1179 | D:1      | Reached skill level 2 in Conjurations
  1327 | D:2      | You pick up a book of Frost and begin reading...
  1327 | D:2      | You add the spells Freeze, Frozen Ramparts and Hailstorm to
                  | your library.
  1443 | D:2      | Reached XP level 4. HP: 12/30 MP: 1/8
  1704 | D:2      | HP: 7/30 [poisoned by an adder]
  1820 | D:2      | You pick up a book of the Hunter and begin reading...
  1820 | D:2      | You add the spells Call Canine Familiar, Portal Projectile
                  | and Leda's Liquefaction to your library.
  1838 | D:2      | Learned a level 3 spell: Swiftness
  2105 | D:2      | Noticed Jessica
  2110 | D:2      | Killed Jessica
  2111 | D:2      | Reached skill level 3 in Spellcasting
  2111 | D:2      | Reached XP level 5. HP: 35/35 MP: 4/9
  2319 | D:2      | Reached skill level 4 in Air Magic
  2665 | D:3      | Found a burning altar of Makhleb.
  2867 | D:3      | Identified the +1 robe of the Hurricane {rElec rPois rN+}
  3113 | D:3      | Found an iron altar of Okawaru.
  3352 | D:3      | Reached skill level 3 in Conjurations
  3413 | D:3      | Learned a level 4 spell: Airstrike
  3566 | D:4      | Reached XP level 6. HP: 41/41 MP: 8/11
  4134 | D:4      | Reached skill level 4 in Spellcasting
  4343 | D:4      | Reached skill level 5 in Air Magic
  4562 | D:4      | Reached XP level 7. HP: 46/46 MP: 6/13
  4748 | D:5      | Entered Level 5 of the Dungeon
  4802 | D:4      | Reached skill level 5 in Spellcasting
  4892 | D:5      | Reached skill level 6 in Air Magic
  4985 | D:5      | Reached XP level 8. HP: 51/52 MP: 8/15
  5170 | D:5      | Found a hide-covered altar of Uskayaw.
  5248 | D:5      | Noticed Menkaure
  5261 | D:5      | Killed Menkaure
  5430 | D:5      | Reached skill level 6 in Spellcasting
  5493 | D:5      | Reached skill level 7 in Air Magic
  5628 | D:5      | Noticed Blork the orc
  5632 | D:5      | Killed Blork the orc
  5836 | D:5      | Noticed Prince Ribbit
  5839 | D:5      | Killed Prince Ribbit
  5840 | D:5      | Reached XP level 9. HP: 57/57 MP: 5/19
  5942 | D:5      | You pick up a book of Alchemy and begin reading...
  5942 | D:5      | You add the spells Sublimation of Blood, Petrify and
                  | Irradiate to your library.
  6155 | D:5      | Reached skill level 7 in Spellcasting
  6155 | D:5      | Reached skill level 8 in Air Magic
  6715 | D:6      | Found Hyarucw's Magic Scroll Shop.
  6726 | D:6      | Bought 2 scrolls of blinking for 150 gold pieces
  6726 | D:6      | Bought a scroll of identify for 20 gold pieces
  6726 | D:6      | Bought a scroll of identify for 20 gold pieces
  6871 | D:6      | Noticed Maggie
  6884 | D:6      | HP: 11/57 [Maggie/+0 glaive of pain (9)]
  6897 | D:6      | HP: 5/57 [Maggie/iceblast (10)]
  6899 | D:6      | Mangled by Maggie

Vanquished Creatures
  Prince Ribbit (D:5)
  Menkaure (D:5)
  An orc warrior (D:5)
  An ice beast (D:4)
  A black bear (D:5)
  5 centaurs (D:6)
  2 phantoms
  Blork the orc (D:5)
  A bullfrog (D:6)
  3 scorpions
  4 killer bees (D:4)
  A gnoll bouda (D:5)
  A hound (D:3)
  Jessica (D:2)
  3 iguanas
  2 orc wizards (D:5)
  8 gnolls
  11 adders
  A shadow imp (D:5)
  A worm (D:2)
  2 dart slugs
  8 orcs (D:5)
  6 bats
  2 endoplasms
  A giant cockroach (D:4)
  5 goblins
  11 hobgoblins
  18 jackals
  2 quokkas
  9 ball pythons
  4 frilled lizards
  4 kobolds
  6 rats
128 creatures vanquished.

Vanquished Creatures (others)
  2 plants (D:1)
  7 toadstools (D:1)
9 creatures vanquished.

Grand Total: 137 creatures vanquished

Table legend:
 A = Non-vault XP
 B = Vault XP
 C = Vault XP percentage of total XP
 D = Non-vault monster count
 E = Vault monster count
 F = Vault count percentage of total count
                 A         B        C        D         E       F
            +---------+---------+-------+---------+---------+-------
      Total |    1966 |    1047 |  34.7 |     115 |      13 |  10.2
            +---------+---------+-------+---------+---------+-------
        D:1 |      54 |       0 |   0.0 |      30 |       0 |   0.0
        D:2 |      56 |      59 |  51.3 |      13 |       6 |  31.6
        D:3 |      77 |       0 |   0.0 |      15 |       0 |   0.0
        D:4 |     661 |       0 |   0.0 |      24 |       0 |   0.0
        D:5 |     827 |     536 |  39.3 |      30 |       3 |   9.1
        D:6 |     291 |     452 |  60.8 |       3 |       4 |  57.1
            +---------+---------+-------+---------+---------+-------

Illustrated notes

Table legend:
 A = Kills in this place as a percentage of kills in the entire game.
 B = Kills by you in this place as a percentage of kills by you in the entire game.
 C = Kills by friends in this place as a percentage of kills by friends in the entire game.
 D = Other kills in this place as a percentage of other kills in the entire game.
 E = Experience gained in this place as a percentage of experience gained in the entire game.
 F = Experience gained in this place divided by the number of levels of this place that you have seen.
                   A       B       C       D       E      F
               +-------+-------+-------+-------+-------+----------------------
         Total | 100.0 | 100.0 |   N/A |   N/A | 100.0 | 502.2
       Dungeon | 100.0 | 100.0 |   N/A |   N/A | 100.0 | 502.2
               +-------+-------+-------+-------+-------+----------------------

Table legend: (Time is in decaauts)
 A = Elapsed time spent in this place.
 B = Non-inter-level travel time spent in this place.
 C = Inter-level travel time spent in this place.
 D = Time resting spent in this place.
 E = Time spent auto-exploring this place.
 F = Levels seen in this place.
 G = Mean time per level.
                   A        B        C        D        E       F      G
               +--------+--------+--------+--------+--------+-----+--------+
         Total |   6909 |   6724 |    185 |   1741 |   3902 |   6 | 1151.5 |
       Dungeon |   6909 |   6724 |    185 |   1741 |   3902 |   6 | 1151.5 |
               +--------+--------+--------+--------+--------+-----+--------+

Top non-repeatable levels by time:
     D:5: 1703 daAuts
     D:4: 1437 daAuts
     D:2: 1275 daAuts
     D:1: 1240 daAuts
     D:3: 895 daAuts
     D:6: 356 daAuts
